 Dungeon Crawl Stone Soup version 0.18-a0-1186-gd02dc51 (webtiles) character file.

70901 Duffy the Fighter (level 15, -19/146 HPs)
             Began as a Naga Enchanter on Jan 28, 2016.
             Was a High Priest of Ashenzari.
             Demolished by a death yak (24 damage)
             ... on level 8 of the Lair of Beasts.
             The game lasted 01:26:34 (41176 turns).

Duffy the Fighter (Naga Enchanter)                 Turns: 41176, Time: 01:26:34

Health: -19/146    AC: 16    Str: 12    XL:     15   Next: 34%
Magic:  24/24      EV: 17    Int: 16    God:    Ashenzari [*****.]
Gold:   1401       SH:  0    Dex: 16    Spells: 6 memorised, 9 levels left

rFire  + . .     SeeInvis +     b - +2 dire flail (protect)
rCold  . . .     Gourm    .     Z - +1 leather armour {rF+} (curse)
rNeg   . . .     Faith    .     (shield currently unavailable)
rPois  +         Spirit   .     X - +0 helmet (curse)
rElec  .         Dismiss  .     e - +0 cloak (curse)
rCorr  .         Reflect  .     H - +0 pair of gloves (curse)
SustAt +         Harm     .     (no barding)
MR     +....     Clarity  +     z - amulet of rage (curse)
Stlth  ++++++....               R - ring of sustain attributes
                                I - ring of wizardry

@: very slow, somewhat resistant to hostile enchantments, very stealthy
A: molten scales 1, see invisible, deformed body, poison resistance, slowness 2,
slow metabolism 1, spit poison 2, constrict 1, AC +5
a: Spit Poison, Scrying, Transfer Knowledge, Renounce Religion, Evoke Berserk
Rage


You were on level 8 of the Lair of Beasts.
You worshipped Ashenzari.
Ashenzari was extremely pleased with you.
You were not hungry.

You visited 3 branches of the dungeon, and saw 22 of its levels.
You also visited: Labyrinth and Ice Cave.

You collected 1491 gold pieces.
You spent 90 gold pieces at shops.


Innate Abilities, Weirdness & Mutations

You cannot wear boots.
Your serpentine skin is tough (AC +5).
You have supernaturally acute eyesight.
Armour fits poorly on your strangely shaped body.
Your system is resistant to poisons.
You cover ground very slowly.
You have a slow metabolism.
You can spit poison.
You can use your snake-like lower body to constrict enemies.
You are partially covered in molten scales (AC +1).


   Skills:
 + Level 12.9 Fighting
 - Level 6.0 Short Blades
 - Level 12.0 Maces & Flails
 - Level 10.2(12.6) Dodging
 - Level 11.4(13.8) Stealth
 - Level 6.0 Spellcasting
 - Level 8.2 Hexes
 - Level 6.8 Summonings
 - Level 4.5 Ice Magic
 - Level 2.0 Air Magic
 - Level 5.0 Evocations


You had 9 spell levels left.
You knew the following spells:

 Your Spells              Type           Power        Failure   Level  Hunger
a - Ensorcelled Hibernat  Hex/Ice        ####..       1%          2    #......
i - Summon Lightning Spi  Summ/Air       ###.....     14%         4    ####...
j - Tukima's Dance        Hex            ####....     1%          3    ##.....
l - Confuse               Hex            ####....     1%          3    ##.....
n - Summon Ice Beast      Ice/Summ       ###.....     7%          4    ####...
r - Corona                Hex            ####...      1%          1    None

Inventory:

Hand Weapons
 a - a +1 dagger
 b - a +2 dire flail of protection (weapon)
 x - a +0 blowgun
Missiles
 s - 3 throwing nets (quivered)
 y - 120 poisoned needles
 V - 2 curare-tipped needles
Armour
 e - a cursed +0 cloak (worn)
 f - a +2 hat of see invisible
 H - a cursed +0 pair of gloves (worn)
 X - a cursed +0 helmet (worn)
 Z - a cursed +1 leather armour of fire resistance (worn)
Jewellery
 c - an uncursed amulet of regeneration
 u - an uncursed amulet of faith
 z - a cursed amulet of rage (around neck)
 D - an uncursed ring of ice
 I - a ring of wizardry (left hand)
 R - a ring of sustain attributes (right hand)
Wands
 l - a wand of paralysis (17/24)
 E - a wand of invisibility (6/9)
 P - a wand of draining (1/15)
Scrolls
 h - 2 scrolls of identify
 j - 4 scrolls of magic mapping
 k - 2 scrolls of enchant weapon
 n - 2 scrolls of fog
 o - 3 scrolls of fear
 q - 5 scrolls of teleportation
 K - a scroll of curse armour
 M - 2 scrolls of amnesia
 N - a scroll of recharging
 O - 2 scrolls of immolation
 Q - 3 scrolls of enchant armour
 T - 6 scrolls of remove curse
 U - a scroll of brand weapon
 Y - 2 scrolls of blinking
Potions
 g - a potion of might
 i - 6 potions of curing
 r - 3 potions of flight
 t - a potion of magic
 A - 2 potions of lignification
 B - a potion of agility
 C - 5 potions of haste
 L - a potion of cancellation
Books
 p - a book of Frost
Comestibles
 d - 15 bread rations
 m - 8 meat rations
 v - a beef jerky
 w - 4 chunks of flesh

Dungeon Overview and Level Annotations

Branches:
Dungeon (13/15)            Temple (1/1) D:5            Lair (8/8) D:8
 Shoals (0/4) Lair:6       Spider (0/4) Lair:5        Slime (0/6) Lair:7
    Orc: D:9-12      Vaults: D:13-14

Altars:
Ashenzari
Cheibriados
Dithmenos
Elyvilon
Fedhas
Gozag
Kikubaaqudgha
Makhleb
Nemelex Xobeh
Okawaru
Pakellas
Qazlal
Ru
Sif Muna
Trog
Vehumet
Xom
Yredelemnul
Zin
The Shining One

Shops:
D:10 *

Annotations:
D:2 exclusion: gnoll
D:12 Rupert


Message History

You puncture the death yak!
The death yak is almost dead.
The death yak gores you.
You barely miss the death yak.
The death yak is almost dead.
The death yak gores you!
You hit the death yak but do no damage.
The death yak is almost dead.
The death yak gores you.
You hit the death yak.
The death yak is almost dead.
You barely miss the death yak.
The death yak is almost dead.
The death yak misses you.
A death yak comes into view.
You hit the death yak but do no damage.
The death yak is almost dead.
The death yak gores you but does no damage.
You hit the death yak.
The death yak is almost dead.
You hear a bellow!
You barely miss the death yak.
The death yak is almost dead.
The death yak gores you but does no damage.
You sock the death yak!
You kill the death yak!
You sock the death yak!
The death yak is lightly wounded.
The death yak gores you but does no damage.
You barely miss the death yak.
The death yak is lightly wounded.
You barely miss the death yak.
The death yak is lightly wounded.
The death yak gores you!!
You die...

# ###### ### ##### #@##.# ##..
#########.#.#####YY## ##..#
.PP.#...#.....##Y..P#########.P..
..P[....%............PP.P........
##...#.#...P..........PPP........
.#...####.....P........PP.P#.....
.......##....P#P.....##...P#.....
.#....####...####...P#....##.....
##...###......##P................


You could see 2 death yaks.

Action                   |  1- 3 |  4- 6 |  7- 9 | 10-12 | 13-15 || total
-------------------------+-------+-------+-------+-------+-------++-------
Melee: Dagger            |    85 |   134 |   188 |   279 |    37 ||   723
       Battleaxe         |       |       |     2 |       |       ||     2
       Dire flail        |       |       |       |   416 |  1714 ||  2130
 Fire: Blowgun           |       |    22 |   110 |    15 |    39 ||   186
 Cast: Ensorcelled Hiber |     2 |    18 |    69 |    74 |       ||   163
       Confuse           |       |     3 |    19 |    28 |     9 ||    59
       Tukima's Dance    |       |       |     9 |     8 |       ||    17
       Summon Ice Beast  |       |       |       |   137 |   225 ||   362
       Summon Lightning  |       |       |       |     6 |     8 ||    14
 Abil: Spit Poison       |    29 |    29 |    23 |    11 |     3 ||    95
       Evoke Berserk Rag |       |       |       |     5 |     2 ||     7
Evoke: Wand              |       |       |       |     6 |     3 ||     9
  Use: Scroll            |       |     6 |     6 |    12 |    14 ||    38
       Potion            |       |       |     1 |     2 |     2 ||     5
 Stab: Sleeping          |     3 |    27 |    52 |    52 |    20 ||   154
       Confused          |       |     3 |     9 |    21 |     3 ||    36
       Distracted        |       |       |     2 |     6 |    39 ||    47
       Invisible         |       |       |       |     1 |    10 ||    11
  Eat: Chunk             |     2 |     9 |    20 |    39 |    49 ||   119
       Fruit             |       |     2 |     2 |    14 |     5 ||    23
       Pizza             |       |       |     2 |     2 |     2 ||     6
       Royal jelly       |       |       |       |     4 |       ||     4
       Beef jerky        |       |       |       |       |    12 ||    12
       Meat ration       |       |       |       |       |     2 ||     2
       Bread ration      |       |       |       |       |     1 ||     1

Notes
Turn   | Place    | Note
--------------------------------------------------------------
     0 | D:1      | Duffy the Naga Enchanter began the quest for the Orb.
     0 | D:1      | Reached XP level 1. HP: 15/15 MP: 3/3
   357 | D:1      | Reached XP level 2. HP: 16/22 MP: 5/5
   367 | D:1      | Learned a level 2 spell: Ensorcelled Hibernation
   519 | D:1      | Reached skill level 2 in Short Blades
   696 | D:1      | Reached skill level 5 in Stealth
   817 | D:1      | Reached XP level 3. HP: 28/28 MP: 6/6
  1198 | D:1      | Learned a level 3 spell: Confuse
  1245 | D:2      | You fall through a shaft for 2 floors!
  1261 | D:5      | Entered Level 5 of the Dungeon
  1263 | D:5      | Reached skill level 4 in Hexes
  1278 | D:4      | Reached XP level 4. HP: 29/36 MP: 4/7
  1545 | D:4      | Reached skill level 5 in Hexes
  1545 | D:4      | Reached XP level 5. HP: 42/42 MP: 8/8
  2837 | D:3      | Reached XP level 6. HP: 49/49 MP: 9/9
  2848 | D:3      | Learned a level 3 spell: Tukima's Dance
  2868 | D:3      | Found a faded altar to an unknown god.
  2923 | D:3      | Found a shimmering altar of Xom.
  3187 | D:3      | Reached skill level 6 in Hexes
  3187 | D:3      | Reached skill level 1 in Evocations
  3387 | D:3      | Found a deep blue altar of Sif Muna.
  3864 | D:4      | Found a glowing golden altar of the Shining One.
  3910 | D:4      | Reached skill level 2 in Evocations
  4302 | D:4      | Reached XP level 7. HP: 43/56 MP: 7/10
  4420 | D:5      | Reached skill level 1 in Fighting
  4436 | D:5      | Found a shadowy altar of Dithmenos.
  4619 | D:5      | Noticed Duvessa
  4619 | D:5      | Noticed Dowan
  4628 | D:5      | Killed Dowan
  4628 | D:5      | Reached skill level 2 in Fighting
  4628 | D:5      | Reached skill level 6 in Stealth
  4728 | D:5      | Killed Duvessa
  4815 | D:5      | Reached skill level 3 in Fighting
  4815 | D:5      | Reached skill level 7 in Stealth
  4996 | D:5      | Reached XP level 8. HP: 70/70 MP: 7/11
  5506 | D:5      | Reached skill level 8 in Stealth
  5515 | D:5      | Found a white marble altar of Elyvilon.
  5576 | D:5      | Found a staircase to the Ecumenical Temple.
  5611 | Temple   | Entered the Ecumenical Temple
  5715 | Temple   | Became a worshipper of Ashenzari the Shackled
  6013 | Temple   | Reached skill level 4 in Fighting
  6775 | D:6      | Reached skill level 9 in Stealth
  6918 | D:6      | Found a sacrificial altar of Ru.
  6924 | D:6      | Reached skill level 10 in Stealth
  7080 | D:6      | Gained mutation: You are partially covered in molten scales (AC +1). [potion of beneficial mutation]
  7339 | D:6      | Reached skill level 11 in Stealth
  7770 | D:7      | Reached XP level 9. HP: 54/80 MP: 6/12
  8014 | D:7      | Reached skill level 3 in Spellcasting
  8014 | D:7      | Reached skill level 7 in Hexes
  8180 | D:7      | Found a sparkling altar of Nemelex Xobeh.
  8471 | D:7      | Reached skill level 4 in Spellcasting
  8647 | D:7      | Reached skill level 8 in Hexes
  9418 | D:8      | Noticed Maurice
  9426 | D:8      | Killed Maurice
  9426 | D:8      | Reached skill level 4 in Short Blades
  9537 | D:8      | Reached skill level 5 in Short Blades
  9757 | D:8      | Found a staircase to the Lair.
  9764 | D:8      | Noticed a fire drake
  9789 | D:8      | Killed a fire drake
  9789 | D:8      | Reached skill level 6 in Short Blades
  9789 | D:8      | Reached XP level 10. HP: 87/87 MP: 14/16
  9805 | D:8      | Learned a level 4 spell: Summon Ice Beast
  9969 | D:8      | Reached skill level 1 in Summonings
  9969 | D:8      | Reached skill level 1 in Ice Magic
 10115 | D:8      | Reached skill level 2 in Summonings
 10181 | D:8      | Reached skill level 2 in Ice Magic
 10721 | D:9      | Reached skill level 3 in Summonings
 10721 | D:9      | Reached skill level 3 in Ice Magic
 10941 | D:9      | Noticed Grum
 11230 | D:9      | Reached skill level 4 in Summonings
 11230 | D:9      | Reached skill level 4 in Ice Magic
 12121 | D:9      | Reached * piety under Ashenzari
 12230 | D:9      | Found an iron altar of Okawaru.
 12455 | D:9      | Killed Grum
 12455 | D:9      | Reached skill level 5 in Spellcasting
 12841 | D:9      | Reached skill level 5 in Summonings
 13117 | D:10     | Entered Level 10 of the Dungeon
 13272 | D:10     | Reached XP level 11. HP: 93/93 MP: 19/19
 13537 | D:10     | Reached skill level 6 in Spellcasting
 13607 | D:10     | Noticed a hill giant
 13621 | D:10     | Killed a hill giant
 13621 | D:10     | Reached skill level 6 in Summonings
 13733 | D:10     | Found Myugg's General Store.
 13737 | D:10     | Bought a scroll of blinking for 90 gold pieces
 13815 | D:10     | Noticed Joseph
 13843 | D:10     | Killed Joseph
 14273 | D:10     | Noticed an unseen horror
 14277 | D:10     | Killed an unseen horror
 14277 | D:10     | Reached skill level 5 in Fighting
 14277 | D:10     | Reached skill level 2 in Dodging
 14622 | Lair:1   | Entered Level 1 of the Lair of Beasts
 14834 | Lair:1   | Reached skill level 1 in Maces & Flails
 14895 | Lair:1   | Reached skill level 2 in Maces & Flails
 15192 | Lair:1   | Reached skill level 3 in Dodging
 15278 | Lair:1   | Reached skill level 3 in Maces & Flails
 16253 | Lair:1   | Reached skill level 6 in Fighting
 16253 | Lair:1   | Reached skill level 4 in Maces & Flails
 16529 | Lair:1   | Reached skill level 5 in Maces & Flails
 16867 | Lair:2   | Reached ** piety under Ashenzari
 16901 | Lair:2   | Noticed a four-headed hydra
 16913 | Lair:2   | Noticed a four-headed hydra
 17189 | Lair:2   | Killed a four-headed hydra
 17189 | Lair:2   | Reached skill level 4 in Dodging
 17219 | Lair:2   | Killed a four-headed hydra
 17219 | Lair:2   | Reached XP level 12. HP: 106/106 MP: 3/21
 17515 | Lair:2   | Reached skill level 6 in Maces & Flails
 17567 | Lair:2   | Learned a level 4 spell: Summon Lightning Spire
 18627 | Lair:3   | Reached skill level 7 in Fighting
 18711 | Lair:3   | Found a frozen archway.
 18743 | IceCv    | Entered an ice cave
 19625 | IceCv    | Reached skill level 7 in Maces & Flails
 19839 | IceCv    | Reached skill level 5 in Dodging
 20695 | IceCv    | Reached skill level 8 in Maces & Flails
 20749 | IceCv    | Noticed a death yak
 20749 | IceCv    | Noticed a death yak
 20869 | IceCv    | Killed a death yak
 20885 | IceCv    | Killed a death yak
 21196 | IceCv    | Reached skill level 9 in Maces & Flails
 21527 | IceCv    | Noticed a frost giant
 21527 | IceCv    | Noticed a death yak
 22257 | IceCv    | Killed a death yak
 22581 | IceCv    | Reached skill level 10 in Maces & Flails
 22737 | IceCv    | Killed a frost giant
 22737 | IceCv    | Gained mutation: You can use your snake-like lower body to constrict enemies. [Naga growth]
 22737 | IceCv    | Reached XP level 13. HP: 29/117 MP: 14/22
 23572 | Lair:2   | Reached skill level 11 in Maces & Flails
 24660 | Lair:4   | Reached skill level 12 in Maces & Flails
 25433 | Lair:4   | Reached *** piety under Ashenzari
 25489 | Lair:4   | Reached skill level 6 in Dodging
 26336 | Lair:5   | Found a labyrinth entrance.
 26345 | Lab      | Entered a labyrinth
 27407 | Lab      | Noticed a minotaur
 27417 | Lab      | Killed a minotaur
 27417 | Lab      | Reached skill level 7 in Dodging
 27474 | Lab      | Identified the +0 cloak of Onaxoxix {rF++ Str-5} (You found it in a labyrinth)
 27888 | Lair:5   | Reached skill level 3 in Evocations
 28183 | Lair:5   | Reached skill level 4 in Evocations
 28939 | Lair:5   | Found a hole to the Spider Nest.
 28964 | Lair:5   | Reached skill level 5 in Evocations
 29084 | Lair:5   | Reached skill level 1 in Air Magic
 29256 | Lair:5   | Reached skill level 2 in Air Magic
 29307 | Lair:5   | Reached skill level 8 in Fighting
 30066 | Lair:6   | Reached XP level 14. HP: 109/127 MP: 19/23
 30746 | D:11     | Noticed Lathuz's ghost (journeyman MiBe)
 30774 | D:11     | Reached skill level 9 in Fighting
 31157 | D:12     | Noticed Rupert
 31596 | D:11     | Killed Lathuz's ghost
 31879 | D:11     | Noticed Josephine
 31888 | D:11     | Killed Josephine
 32059 | D:11     | Noticed Erolcha
 32062 | D:11     | Noticed Fannar
 32074 | D:11     | Killed Erolcha
 32074 | D:11     | Reached skill level 10 in Fighting
 32094 | D:11     | Killed Fannar
 33313 | D:11     | Reached **** piety under Ashenzari
 33887 | D:11     | Identified the Disquisition on Moulding and Intoxication (You found it on level 11 of the Dungeon)
 34022 | D:11     | Reached skill level 11 in Fighting
 34126 | D:13     | Noticed a war gargoyle
 35148 | Lair:7   | Found a staircase to the Slime Pits.
 35369 | Lair:8   | Entered Level 8 of the Lair of Beasts
 35551 | Lair:7   | Reached skill level 8 in Dodging
 36931 | Lair:7   | Reached ***** piety under Ashenzari
 37300 | Lair:7   | Reached skill level 9 in Dodging
 38277 | Lair:6   | Found a staircase to the Shoals.
 38724 | Lair:6   | Reached skill level 10 in Dodging
 38922 | Lair:6   | Found an oddly glowing altar of Pakellas.
 39174 | Lair:6   | Reached XP level 15. HP: 119/142 MP: 24/24
 39989 | Lair:8   | Got the dagger "Umibig" {pierce, rC- MP+9 Int-4 Dex+8}
 39990 | Lair:8   | Identified the +7 dagger "Umibig" {pierce, rC- MP+9 Int-4 Dex+8} (You found it on level 8 of the Lair of Beasts)
 40262 | Lair:8   | Reached skill level 12 in Fighting
 41176 | Lair:8   | Demolished by a death yak

Vault maps used:
D:1:      minmay_arrival_arboretum_large, minmay_misc_feat_hallway
D:3:      lemuel_blue_sif_altar, old_standard_altar, ecumenical_altar_2,
          hangedman_feature_mirror
D:4:      nicolae_tso_besieged_by_evil
D:5:      nicolae_overflow_crystal_walls, marbit_many_paths,
          minmay_temple_entry_overgrown, first_bread, uniq_duvessa
D:6:      overflow_temple_1_default, serial_glass, glass_columns_b,
          glass_columns_b, glass_columns_c, glass_columns_c
D:7:      nemelex_xobeh_ov_fountains_minmay, grunt_ogre_cave
D:8:      minmay_lair_entry_lava, uniq_maurice
D:9:      lemuel_round_altar, uniq_grum
D:10:     serial_shops, nicolae_shop_behind_doors, nicolae_lava_and_water,
          uniq_joseph
D:11:     worms_lemuel, uniq_erolcha, uniq_fannar, uniq_josephine
D:12:     minmay_twisted_water, orc_0_dummy, david_defended_altar_elf,
          uniq_rupert, uniq_urug
D:13:     gargoyle_guard, hangedman_decor_opposing
Temple:   chambers_temple_12
Lair:1:   grunt_megastairs_1
Lair:2:   serial_bayou_shore_b, lemuel_fruit_tree
Lair:3:   portal_ice_cave_entry_imps, serial_bayou_pond_b, pond
Lair:4:   grunt_megastairs_5, infiniplex_staircase_pool
Lair:5:   nicolae_spider_entry_orb_guardian, lab_entry_generic
Lair:6:   boulder_quad_collide, elwin_shoals_entry_rocks, basic_altar,
          zaba_anthell
Lair:7:   dragon1_lemuel, nicolae_slime_entry_slimehenge, grunt_megastairs_4
Lair:8:   minmay_lair_end_enchanted_forest, patterned_corridor
Lab:      labyrinth_hidden_loot, lab_fountain, labyrinth_lava_lair,
          labyrinth_glass_1, nicolae_lab_starburst, nicolae_lab_t_cross,
          lab_block, nicolae_lab_lava, labyrinth_skeletal_remains,
          nicolae_lab_garden, nicolae_lab_flowing_pool
IceCv:    ice_cave_caverns_01

Vanquished Creatures
  A frost giant
  A fire dragon Josephine
  The ghost of Lathuz the Cleaver, a journeyman MiBe of Trog
  A minotaur Fannar Erolcha
  5 hydras
  A catoblepas
  11 death yaks
  A queen ant
  An unseen horror
  A hill giant
  A griffon
  An orb spider
  2 ugly things
  7 black mambas
  18 elephants Maurice
  An ice statue
  4 gargoyles Joseph
  17 spiny frogs
  3 fire drakes
  6 komodo dragons
  A spriggan druid
  A minotaur zombie
  4 trolls
  3 two-headed ogres
  18 polar bears
  19 blink frogs
  5 boulder beetles
  A dancing weapon
  5 redbacks
  53 yaks
  6 wraiths
  3 basilisks
  5 spriggans
  15 hippogriffs
  A wyvern
  A steam dragon
  6 vampire mosquitoes Grum
  2 hungry ghosts
  45 wolves
  17 water moccasins
  2 mottled dragons Duvessa
  13 soldier ants
  8 swamp worms
  16 porcupines
  A swamp drake
  5 ice beasts
  2 sky beasts
  4 black bears
  A wasp
  An eye of draining
  2 orc warriors
  9 ogres
  7 centaurs
  18 crocodiles
  4 big kobolds
  18 giant frogs
  An earth elemental
  A wyvern skeleton
  A wyvern zombie
  5 scorpions Dowan
  16 killer bees
  3 electric eels
  4 wights
  2 lava snakes
  7 crimson imps
  A centaur zombie
  A giant frog zombie
  2 quasits
  5 orc priests
  4 giant frog skeletons
  11 hounds
  8 jellies
  15 iguanas
  11 orc wizards
  42 worker ants
  15 sheep
  A hound skeleton
  A worker ant zombie
  4 gnolls
  8 adders
  123 river rats
  5 shadow imps
  12 white imps
  4 oozes
  2 adder zombies
  An adder skeleton
  13 worms
  8 giant geckos
  38 orcs
  A giant cockroach
  8 goblins
  9 hobgoblins
  18 jackals
  9 quokkas
  2 ball pythons
  8 bats
  A giant cockroach zombie
  A giant gecko skeleton
  3 giant newts
  3 hobgoblin zombies
  26 kobolds
  A kobold zombie
  An orc skeleton
  An orc zombie
  7 rats
  3 bushes
  81 fungi
  41 plants
1013 creatures vanquished.
